 Dungeon Crawl Stone Soup version 0.26.1-2-gb8aa6d0cf2 (webtiles) character file.

Game seed: 767829741189222832

3107 Gabide the Chucker (level 9, -2/40 HPs)
             Began as a Vine Stalker Brigand on Mar 5, 2021.
             Was a Follower of Hepliaklqana.
             Slain by an orc warrior
             ... wielding a +0 glaive
              (14 damage)
             ... on level 8 of the Dungeon.
             The game lasted 00:23:14 (6256 turns).

Gabide the Chucker (Vine Stalker Brigand)           Turns: 6256, Time: 00:23:15

Health: -2/40      AC: 10    Str: 17    XL:     9   Next: 90%
Magic:  0/10       EV: 22    Int:  9    God:    Hepliaklqana [*.....]
Gold:   235        SH:  0    Dex: 18    Spells: 8/8 levels left

rFire    + . .     SeeInvis +   A - +1 rapier "Gofrate" {vamp, +Rage rF+ Int-5} (curse)
rCold    + . .     Faith    .   (no shield)
rNeg     . . .     Spirit   +   D - +2 robe {Will+}
rPois    .         Reflect  .   n - +0 helmet
rElec    .         Harm     .   c - +0 cloak
rCorr    .         Rampage  .   d - +0 pair of gloves
Will     ++...                  j - +2 pair of boots
Stlth    +++++.....             (no amulet)
HPRegen  0.53/turn              t - ring of the Hare {EV+8}
MPRegen  0.12/turn              q - ring "Kezirail" {rC+ Str+2 Int+3 SInv Stlth+}

@: no status effects
A: reduced essence, fangs 3, regeneration 1, magic shield, antimagic bite, no
potion heal 3
a: Renounce Religion, Evoke Berserk Rage, Recall Ancestor, Ancestor Identity


You were on level 8 of the Dungeon.
You worshipped Hepliaklqana.
Hepliaklqana was aware of your devotion.
You visited 2 branches of the dungeon, and saw 9 of its levels.

You collected 392 gold pieces.
You spent 157 gold pieces at shops.

Inventory:

Hand Weapons
 a - a +3 dagger
 A - the cursed +1 rapier "Gofrate" (weapon) {vamp, +Rage rF+ Int-5}
   (You found it on level 5 of the Dungeon)

   It inflicts no extra harm, but heals its wielder when it wounds a living foe.
   It affects your intelligence (-5).
   It protects you from fire.
   It lets you go berserk.
   It has a curse placed upon it.
Missiles
 w - 5 atropa-tipped darts (quivered)
Armour
 c - a +0 cloak (worn)
 d - a +0 pair of gloves (worn)
 f - a +0 leather armour
 j - a +2 pair of boots (worn)
 n - a +0 helmet (worn)
 D - a +2 robe of willpower (worn)
Jewellery
 q - the ring "Kezirail" (right hand) {rC+ Str+2 Int+3 SInv Stlth+}
   (You acquired it on level 7 of the Dungeon)

   [ring of protection from cold]

   It affects your strength (+2).
   It affects your intelligence (+3).
   It protects you from cold.
   It lets you see invisible.
   It makes you more stealthy.
 t - the ring of the Hare (left hand) {EV+8}
   (You found it on level 4 of the Dungeon)

   [ring of evasion]

   It affects your evasion (+8).
 v - an uncursed ring of flight
 B - a +4 ring of evasion
 F - an uncursed ring of protection from cold {unknown}
Wands
 E - a wand of paralysis (11)
 G - a wand of digging (3)
 I - a wand of polymorph (4)
Scrolls
 b - 3 scrolls of amnesia
 i - a scroll of teleportation
 l - a scroll of remove curse
 m - 5 scrolls of magic mapping
 y - a scroll of blinking
 H - a scroll of fog {unknown}
Potions
 e - 2 potions of ambrosia
 g - 3 potions of curing
 h - a potion of lignification
 k - a potion of haste
 o - a potion of magic
 s - a potion of cancellation
 u - a potion of flight
 x - 3 potions of attraction
 z - a potion of brilliance
 C - a potion of might {unknown}


   Skills:
 + Level 3.9 Fighting
 * Level 6.8 Short Blades
 + Level 7.2 Throwing
 + Level 2.3 Armour
 + Level 3.5 Dodging
 + Level 6.9 Stealth
 + Level 3.1 Unarmed Combat
 + Level 0.4 Evocations


You had 8 spell levels left.
You didn't know any spells.
Your spell library contained the following spells:

 Spells                   Type           Power        Failure   Level
 Animate Skeleton         Necr           0%           38%         1
 Pain                     Necr           0%           38%         1
 Vampiric Draining        Necr           0%           77%         3
 Animate Dead             Necr           0%           99%         4
 Agony                    Necr           0%           100%        5


Dungeon Overview and Level Annotations

Branches:
Dungeon (8/15)             Temple (1/1) D:6
   Lair: D:8-11

Altars:
Elyvilon
Gozag
Hepliaklqana
Makhleb
Okawaru
Sif Muna
Trog
Uskayaw
Vehumet
Wu Jian
Xom
The Shining One

Shops:
D:4 :   D:6 [   D:7 (


Innate Abilities, Weirdness & Mutations

You have razor-sharp teeth.
Your natural rate of healing is unusually fast.
When hurt, damage is shared between your health and your magic reserves.
Your bite disrupts and absorbs the magic of your enemies.
Potions cannot restore your health.
Your life essence is reduced to manifest your ancestor. (-10% HP)


Message History

Aim: an orc warrior, wielding a +0 glaive and wearing a +1 plate armour of willpower (moderately wounded, 65% to hit)
You throw a curare-tipped dart.
The curare-tipped dart hits the orc warrior.
The orc warrior is poisoned.
The orc warrior convulses.
The orc warrior seems to slow down.
The orc warrior is heavily wounded.
The orc wizard casts a spell.
The orc wizard blinks!
Throw: 6 darts (atropa)
Press: ? - help, Q - select action, (/) - cycle Shift-Dir - straight line, f/p - orc warrior
Aim: an orc warrior, wielding a +0 glaive and wearing a +1 plate armour of willpower (heavily wounded, very poisoned, slow, 65% to hit, chance to blind on hit: 85%)
You throw an atropa-tipped dart.
The atropa-tipped dart hits the orc wizard!
The orc wizard appears confused.
The orc wizard is severely wounded.
The orc wizard closely misses the orc warrior.
You hit the orc wizard.
You kill the orc wizard!
The orc warrior hits you from afar with a +0 glaive!
You die...

#...#.# #.#
#...#.# #.#
#...#.###.#######
#...#..#.........
#...##.#.......#
#... #.........#
#... ##.#'######
#...# ##.@# #.)#
#.o## #.R.# ##(.#
#(># # ##†#
#..##.# #....)#


You could see the friendly Tlakalel the ancestor and an orc warrior (very
poisoned, slow).

Vanquished Creatures
  Pikel (D:6)
  Prince Ribbit (D:6)
  Edmund (D:6)
  A water moccasin (D:5)
  An orc warrior (D:8)
  A sky beast (D:7)
  A black bear (D:7)
  A phantom (D:4)
  3 ogres
  3 centaurs
  A lemure (D:6)
  A gnoll sergeant (D:7)
  3 scorpions
  4 killer bees (D:7)
  A howler monkey (D:5)
  2 bullfrog zombies
  2 hounds
  2 orc wizards
  A quasit (D:7)
  A gnoll shaman (D:4)
  2 iguanas
  2 worker ants
  A hound skeleton (D:5)
  7 gnolls
  5 adders
  A shadow imp (D:7)
  An ufetubus (D:5)
  3 oozes
  An adder zombie (D:8)
  An adder skeleton (D:6)
  4 worms
  2 dart slugs (D:1)
  7 leopard geckos
  20 orcs
  5 giant cockroaches
  6 goblins
  12 hobgoblins
  3 jackals
  13 kobolds
  2 quokkas (D:3)
  A ball python (D:2)
  2 bats
  8 frilled lizards
  A jackal skeleton (D:4)
  A jackal zombie (D:5)
  A leopard gecko skeleton (D:4)
  A quokka skeleton (D:6)
  A quokka zombie (D:7)
  5 rats
151 creatures vanquished.

Vanquished Creatures (collateral kills)
  An ice beast (D:7)
  2 ogres
  A scorpion (D:6)
  A bullfrog zombie (D:8)
  A hound zombie (D:7)
  An adder (D:8)
  An orc (D:8)
  3 jackals
11 creatures vanquished.

Vanquished Creatures (others)
  An ancestor (D:6)
1 creature vanquished.

Grand Total: 163 creatures vanquished

Notes
Turn   | Place    | Note
-------+----------+-------------------------------------------
     0 | D:1      | Gabide the Vine Stalker Brigand began the quest for the
                  | Orb.
     0 | D:1      | Reached XP level 1. HP: 11/11 MP: 2/2
    64 | D:1      | Reached skill level 5 in Stealth
    64 | D:1      | Reached XP level 2. HP: 15/15 MP: 3/3
   350 | D:1      | Reached skill level 2 in Throwing
   372 | D:1      | Reached XP level 3. HP: 13/18 MP: 2/4
  1292 | D:2      | Found a burning altar of Makhleb.
  1418 | D:2      | Found a glowing golden altar of the Shining One.
  1479 | D:2      | Gained mutation: Your natural rate of healing is unusually
                  | fast. [Vine Stalker growth]
  1479 | D:2      | Reached XP level 4. HP: 23/23 MP: 5/5
  1971 | D:3      | Reached skill level 1 in Dodging
  2100 | D:3      | Found an iron altar of Okawaru.
  2319 | D:3      | Found a shimmering altar of Xom.
  2702 | D:4      | Found a bloodstained altar of Trog.
  2719 | D:4      | Reached XP level 5. HP: 26/26 MP: 6/6
  2777 | D:4      | Reached skill level 3 in Throwing
  2853 | D:4      | Noticed a centaur
  2869 | D:4      | Killed a centaur
  2870 | D:4      | Reached skill level 1 in Armour
  2870 | D:4      | Reached XP level 6. HP: 24/31 MP: 3/7
  3019 | D:4      | Found a shimmering blue altar of Sif Muna.
  3035 | D:4      | Found a faded altar of an unknown god.
  3037 | D:4      | Found a faded altar of an unknown god.
  3039 | D:4      | Found a white marble altar of Elyvilon.
  3042 | D:4      | Found a hide-covered altar of Uskayaw.
  3056 | D:4      | Found Ototahuch's Book Boutique.
  3182 | D:4      | Noticed a phantom
  3212 | D:4      | Killed a phantom
  3365 | D:4      | Found the ring of the Hare {EV+8}
  3614 | D:5      | Entered Level 5 of the Dungeon
  3647 | D:5      | Reached XP level 7. HP: 35/35 MP: 6/8
  3686 | D:5      | Reached skill level 4 in Throwing
  3703 | D:5      | Found a hazy altar of Hepliaklqana.
  3987 | D:5      | Gained mutation: You have razor-sharp teeth. [Vine Stalker
                  | growth]
  3987 | D:5      | Reached XP level 8. HP: 37/40 MP: 9/9
  4052 | D:5      | Became a worshipper of Hepliaklqana the Forgotten
  4136 | D:5      | Reached skill level 5 in Throwing
  4200 | D:5      | Found a sand-covered staircase.
  4378 | D:5      | Got an ichor-stained rapier
  4379 | D:5      | Identified the cursed +1 rapier "Gofrate" {vamp, +Rage rF+
                  | Int-5} (You found it on level 5 of the Dungeon)
  4412 | D:6      | Found Tymyatib's Antique Armour Emporium.
  4422 | D:6      | Bought a cloak for 157 gold pieces
  4424 | D:6      | Noticed Edmund
  4435 | D:6      | Killed Edmund
  4509 | D:6      | Found an opulent altar of Gozag.
  4634 | D:6      | Noticed Pikel
  4664 | D:6      | Killed Pikel
  4665 | D:6      | Reached skill level 5 in Short Blades
  4665 | D:6      | Reached skill level 6 in Throwing
  4665 | D:6      | Reached skill level 1 in Unarmed Combat
  4743 | D:6      | Reached XP level 9. HP: 39/39 MP: 10/10
  4872 | D:6      | Found a staircase to the Ecumenical Temple.
  4872 | D:6      | Noticed Prince Ribbit
  5109 | D:6      | Killed Prince Ribbit
  5197 | Temple   | Entered the Ecumenical Temple
  5266 | D:7      | Reached * piety under Hepliaklqana
  5403 | D:7      | Identified a scroll of acquirement
  5403 | D:7      | Acquired the ring "Kezirail" {rC+ Str+2 Int+3 SInv Stlth+}
  5514 | D:7      | Reached skill level 7 in Throwing
  5705 | D:7      | Found Voga's Antique Weapon Emporium.
  6256 | D:8      | Slain by an orc warrior

Illustrated notes

Levels and vault maps discovered:
D:1:      giann_bridges, layout_rooms
D:2:      layout_basic, old_standard_altar, tso_altar, minmay_tetromino_s4
D:3:      layout_loops_corners, lemuel_crystal_altar, tgw_xom
D:4:      layout_cave_pools, bloody_trog, chequers_temple_overflow_minitemple,
          serial_shops, shop_fountains, corner_web_ring
D:5:      layout_rooms, nzn_hepliaklqana_mist_gate, gup_ossuary_entry_pyramid,
          minmay_misc_feat_room
D:6:      layout_loops_ring, grunt_gozag_statues, temple_doors_e, serial_shops,
          shop_fountains, uniq_prince_ribbit1, uniq_edmund, uniq_pikel
D:7:      layout_cave_pools, serial_shops, nicolae_shop_overgrown_old_shop
D:8:      minmay_octagon_keep, layout_basic, evilmike_ruin_ashenzari,
          basic_altar
Temple:   compressed_dpeg_triangle_lava_temple

Skill      XL: |  1  2  3  4  5  6  7  8  9 |
---------------+----------------------------+-----
Short Blades   | 2 3 5 6 |  6.8
Stealth        | 5 6 |  6.9
Throwing       | 2 3 4 6 7 |  7.2
Fighting       | 2 3 |  3.9
Dodging        | 1 2 3 |  3.5
Armour         | 1 2 |  2.3
Unarmed Combat | 1 3 |  3.1
Evocations     | |  0.4

Action                   |  1- 3 |  4- 6 |  7- 9 || total
-------------------------+-------+-------+-------++-------
Melee: Dagger            |    82 |   149 |    63 ||   294
       Bite              |    21 |    53 |    78 ||   152
       Rapier            |       |       |   145 ||   145
Throw: Dart              |    32 |    70 |   105 ||   207
       Boomerang         |       |       |    10 ||    10
Invok: Ancestor Identity |       |       |     1 ||     1
Evoke: Wand              |       |       |     4 ||     4
  Use: Scroll            |     5 |    14 |    11 ||    30
       Potion            |       |       |     1 ||     1
 Stab: Sleeping          |     3 |     4 |     4 ||    11
       Distracted        |       |       |     2 ||     2
Armor: Robe              |     8 |       |    29 ||    37
       Leather armour    |     8 |    37 |    19 ||    64
       Skin              |       |       |     5 ||     5
Dodge: Dodged            |    31 |    85 |   227 ||   343
